cohdb
Replays
Latest Replays
All Replays
Popular Replays
Top Player Replays
Match Explorer
How It Works
Community
CoH3 Stats
Reddit
Sign in to upload your games and track your stats! →
Sign in with Steam
Match 45941751
Unlisted
Match 45941751
Overview
Messages
Build Orders
End
Vickers Machine Gun Team
Construct Section Command Post
Infantry Section
Infantry Section
ML 3-inch Mortar Team
Construct Platoon Command Post
Selects Air and Sea Battlegroup
Selects Supply Surplus
Construct Field Infirmary
Unlock Bishop Self-propelled Artillery
Infantry Section
Bishop Self-propelled Artillery
Construct Resource Cache
Royal Engineer Section
Light Vehicle Training
6-pounder Anti-tank Gun Team
Construct Company Command Post
Crusader II Medium Tank
Crusader II Medium Tank
PIZZADAYO
Implacable
EL Le Le
또황챠
Boneless
Illusive Man
Arwootarch
BazookaJoe
0
0
Comments
sign in to comment!
No comments posted yet!